AoeStats
← HerrFischer

Arabia

510163334Analyzed
1v1 RM · 20h ago on Sep 29, 2026· 113m 57s· 2 players
Game mode
Random Map
Map size
Tiny (2 player)
Population
200
Speed
Normal
Resources
Standard
Victory
Conquest
Starting age
Dark Age
Ending age
Imperial Age
RankedLock teamsTeams togetherTeam positionsShared explorationLock speedFull tech treeHidden civsTurbo modeCheats
Victory
Defeat
🇩🇪 Magyars · Germany
1213
+14
🇬🇧 Japanese · United Kingdom
1167
-14
Lord Reed 5th
6:43 Loom
9:44 Feudal Age
14:04 Double-Bit Axe
14:07 Horse Collar
21:48 Castle Age
21:58 Scale Mail Armor
22:08 Forging
22:23 Pikeman
23:04 Squires
25:59 Fletching
31:35 Heavy Plow
37:53 Imperial Age
37:34 Wheelbarrow
39:33 Conscription
40:35 Chain Mail Armor
40:56 Iron Casting
40:35 Bodkin Arrow
42:20 Plate Mail Armor
44:08 Blast Furnace
45:10 Padded Archer Armor
44:58 Halberdier
47:34 Bodkin Arrow
48:04 Kataparuto
54:02 Bracer
54:03 Padded Archer Armor
54:33 Town Watch
57:09 Gambesons
57:09 Arson
58:33 Scale Barding Armor
61:04 Elite Skirmisher
63:44 Chemistry
62:06 Onager
62:54 Gold Mining
62:55 Stone Mining
HerrFischer
6:58 Loom
10:01 Feudal Age
10:49 Double-Bit Axe
17:47 Wheelbarrow
20:59 Castle Age
19:41 Scale Barding Armor
20:13 Bloodlines
20:36 Fletching
20:47 Padded Archer Armor
21:18 Town Watch
21:26 Horse Collar
21:40 Gold Mining
22:51 Husbandry
23:51 Bow Saw
24:26 Bodkin Arrow
25:04 Crossbowman
25:43 Light Cavalry
27:46 Hand Cart
32:01 Heavy Plow
32:01 Stone Mining
32:21 Town Patrol
35:04 Gold Shaft Mining
35:17 Ballistics
34:47 Guard Tower
36:23 Leather Archer Armor
38:45 Imperial Age
39:03 Cavalier
40:27 Hussar
41:19 Thumb Ring
40:59 Arbalester
42:31 Bracer
43:33 Chemistry
44:27 Chain Barding Armor
44:38 Ring Archer Armor
45:32 Parthian Tactics
47:53 Conscription
47:36 Recurve Bow
50:43 Plate Barding Armor
60:48 Masonry
61:43 Heavy Cavalry Archer
69:45 Murder Holes
69:56 Siege Engineers
74:59 Crop Rotation
Connection lost

Rejoining the realm…

Still unreachable

The connection could not be restored.

Session expired

The server has moved on; the page needs a fresh start.